Map: Miner Evacuation

Players

raincamp

  • Race: Terran Terran
  • Spawn Location: 7:00

raincamp

  • Race: Terran Terran
  • Spawn Location: 7:00

VOD

Have the link to the VOD?

Description

Time

  • Played on: Jan. 6, 2018, 12:24 a.m.
  • Length: 23:53
Show
View Real Time Build Order
Export as new Build Order

raincamp Terran 

Build Orders:  

Get SALT Encoding   

  12  0:03  SCV  
  13  0:20  SCV  
  14  0:30  Refinery  
  14  0:37  SCV  
  15  0:45  Refinery  
  15  0:53  SCV  
  16  1:10  SCV  
  16  1:19  Barracks  
  17  1:27  SCV  
  18  1:44  SCV  
  19  2:01  SCV  
  20  2:18  SCV  
  21  2:28  Factory  
  21  2:35  SCV  
  22  2:40  Command Center  
  22  2:52  SCV  
  22  2:56  Engineering Bay  
  23  3:04  Barracks Tech Lab  
  23  3:09  SCV  
  24  3:26  SCV  
  25  3:30  Starport  
  25  3:34  Armory  
  25  4:02  Super Stimpack  
  25  4:34  Defensive Drone  
  25  4:40  Elite Marine  
  29  5:10  Refinery  
  29  5:12  Refinery, SCV  
  30  5:21  SCV  
  30  5:29  SCV  
  32  5:38  SCV  
  33  5:41  Defensive Drone  
  33  5:46  SCV  
  34  5:55  SCV  
  35  6:01  Factory Tech Lab  
  35  6:02  Starport Tech Lab  
  35  6:03  SCV  
  35  6:04  Ghost Visor  
  36  6:12  SCV  
  37  6:20  SCV  
  37  6:25  Suppression Shells  
  37  6:29  Spider Mines, SCV  
  39  6:31  Raid Artillery  
  41  6:40  SCV  
  39  6:46  SCV  
  39  6:48  Operational Efficiency  
  41  6:55  Suppression Shells  
  41  6:56  SCV  
  41  6:59  Graduating Range  
  42  7:01  Smart Servos  
  42  7:02  SCV  
  43  7:13  Terran Infantry Weapons Level 1  
  43  7:14  Terran Vehicle and Ship Weapons Level 1  
  43  7:15  Instant Regeneration  
  43  7:23  Defensive Drone  
  43  7:25  Elite Marine  
  47  7:40  Laser Targeting System  
  47  8:29  Hellbat Rangers  
  51  8:43  Defensive Drone  
  51  8:55  Hellbat Rangers  
  51  8:59  Heavy Siege Tank  
  61  9:23  Raven Type-II  
  63  9:43  Railgun Turret  
  63  9:55  Defensive Drone  
  63  10:15  Heavy Siege Tank  
  68  11:42  Raid Liberator  
  74  12:22  Defensive Drone  
  74  12:55  Elite Marine  
  78  13:28  Defensive Drone  
  78  13:34  Griffin Airstrike  
  78  13:39  Defensive Drone  
  77  13:45  Raid Liberator  
  83  14:01  Defensive Drone  
  83  14:04  Defensive Drone  
  83  15:13  Terran Vehicle and Ship Weapons Level 2, Terran Infantry Weapons Level 2  
  83  15:45  Heavy Siege Tank  
  89  15:59  Defensive Drone  
  89  16:01  Defensive Drone  
  89  16:27  Defensive Drone  
  89  16:48  Griffin Airstrike  
  89  16:59  Defensive Drone  
  88  17:29  Raid Liberator  
  94  17:42  Railgun Turret  
  94  17:46  Tactical Airlift  
  94  18:25  Defensive Drone  
  94  18:28  Griffin Airstrike  
  94  18:36  Elite Marine  
  98  19:02  Defensive Drone  
  98  19:05  Griffin Airstrike  
  98  19:58  Defensive Drone  
  98  20:30  Instant Regeneration, Defensive Drone  
Show
View Real Time Build Order
Export as new Build Order

raincamp Terran 

Build Orders:  

Get SALT Encoding   

  12  0:32  Supply Depot  
Tags
 
Commander
NovaRaynor
Matchup
Co-op
Replay Pack
Co-op Speedrun
Add a new tag
Caveats
  • Supply blocks, unpowered buildings, or Contaminate may cause inaccurate times.
  • Supply counts are checked every 10 seconds.